 Dungeon Crawl Stone Soup version 0.17-a0-1646-geb1493d (webtiles) character file.

99040 sorek the Executioner (level 15, -25/144 HPs)
             Began as a Minotaur Fighter on Aug 3, 2015.
             Was the Champion of Okawaru.
             Annihilated by an ice devil (27 damage)
             ... summoned by an orc sorcerer
             ... on level 4 of the Orcish Mines on Aug 9, 2015.
             The game lasted 01:54:13 (31577 turns).

sorek the Executioner (Minotaur Fighter)           Turns: 31577, Time: 01:54:14

Health: -25/144    AC: 23    Str: 27    XL:     15   Next: 76%
Magic:  14/14      EV: 12    Int:  6    God:    Okawaru [******]
Gold:   2087       SH:  0    Dex: 12    Spells: 0 memorised, 14 levels left

rFire  + . .     SeeInvis .     p - +2 executioner's axe (chop)
rCold  . . .     Clarity  .     T - +1 scale mail {rF+}
rNeg   . . .     SustAt   .     (no shield)
rPois  .         Gourm    +     W - +2 hat
rElec  .         Spirit   .     i - +2 cloak
rCorr  .         Warding  .     R - +0 pair of gloves
rMut   .         Stasis   .     c - +0 pair of boots
MR     +....                    o - amulet of the gourmand
Stlth  ..........               t - +3 ring of protection
                                L - +3 ring of strength

@: studying Earth Magic, drained, somewhat resistant to hostile enchantments,
extremely unstealthy
A: retaliatory headbutt, horns 2, breathe flames 1
a: Heroism, Finesse, Renounce Religion, Breathe Fire


You were on level 4 of the Orcish Mines.
You worshipped Okawaru.
Okawaru was exalted by your worship.
You were completely stuffed.

You visited 4 branches of the dungeon, and saw 28 of its levels.

You collected 2132 gold pieces.
You spent 45 gold pieces at shops.

Inventory:

Hand weapons
 p - a +2 executioner's axe of chopping (weapon)
 Z - a +4 battleaxe of flaming
Armour
 c - a +0 pair of boots (worn)
 i - a +2 cloak (worn)
 R - a +0 pair of gloves (worn)
 T - a +1 scale mail of fire resistance (worn)
 W - a +2 hat (worn)
Jewellery
 f - an uncursed ring of protection from cold
 l - an uncursed ring of sustain attributes
 o - an amulet of the gourmand (around neck)
 t - a +3 ring of protection (right hand)
 v - an uncursed ring of protection from magic
 B - an uncursed ring of teleportation
 K - the ring of Music {*Corrode MR+++ MP+9 Int+5 SInv}
   (You found it on level 8 of the Lair of Beasts)

   [ring of intelligence]

   It affects your intelligence (+5).
   It affects your resistance to hostile enchantments.
   It affects your magic capacity (+9).
   It lets you see invisible.
   It may corrode your equipment when you take damage.
 L - a +3 ring of strength (left hand)
Magical devices
 a - a wand of disintegration (8)
 x - a wand of fireball (4)
 M - a wand of teleportation (0)
 N - a wand of draining (8)
 O - a wand of polymorph (12)
 U - a wand of slowing (17)
 Y - a wand of disintegration (1)
Scrolls
 b - 4 scrolls of blinking
 g - 15 scrolls of identify
 h - 12 scrolls of teleportation
 j - 2 scrolls of enchant armour
 k - 6 scrolls of enchant weapon
 n - 5 scrolls of recharging
 q - 19 scrolls of remove curse
 y - 2 scrolls of magic mapping
 X - a scroll of torment
Potions
 s - 2 potions of curing
 w - 2 potions of cancellation
 z - 4 potions of brilliance
 C - 3 potions of agility
 D - 3 potions of lignification
 H - a potion of heal wounds
 J - a potion of resistance
 P - 6 potions of haste
 Q - a potion of might
 S - a potion of berserk rage
 V - a potion of flight
Books
 m - a manual of Earth Magic
 u - a book of Cantrips

   Spells                             Type                      Level
   a - Corona                         Hexes                        1
   b - Animate Skeleton               Necromancy                   1
   c - Summon Small Mammal            Summoning                    1
   d - Apportation                    Translocation                1
Comestibles
 d - 24 royal jellies
 e - 6 bread rations
 r - 4 fruits
 A - 6 beef jerkies
 E - 8 meat rations
 F - 3 chunks of flesh


   Skills:
 + Level 16.2(15.4) Fighting
 * Level 21.8(20.8) Axes
 + Level 16.6(15.7) Armour
 - Level 3.8(3.1) Dodging
   Level 3.6(2.9) Shields


You had 14 spell levels left.
You didn't know any spells.

Dungeon Overview and Level Annotations

Branches:
Dungeon (15/15)            Temple (1/1) D:6            Lair (8/8) D:11
 Shoals (0/4) Lair:3        Snake (0/4) Lair:4        Slime (0/6) Lair:7
    Orc (4/4) D:9             Elf (0/3) Orc:4        Vaults (0/5) D:13
 Depths (0/5) D:15

Altars:
Ashenzari
Cheibriados
Dithmenos
Elyvilon
Fedhas
Gozag
Kikubaaqudgha
Makhleb
Nemelex Xobeh
Okawaru
Qazlal
Ru
Sif Muna
Trog
Vehumet
Xom
Yredelemnul
Zin
The Shining One
Beogh
Jiyva

Shops:
D:7 ?   D:12 [   D:14 }   D:15 *

Portals:
Trove: D:10 (give wand of heal wounds (8))

Annotations:
D:12 exclusion: obsidian statue
D:14 runewalsh's ghost, powerful OpIE


Innate Abilities, Weirdness & Mutations

You reflexively headbutt those who attack you in melee.
You have a pair of horns on your head.
You can breathe flames.


Message History

The orc sorcerer is heavily wounded.
The orc sorcerer gestures at you while chanting.
The bolt of fire hits you! You resist.
* * * LOW HITPOINT WARNING * * *
You completely miss the orc sorcerer. Your headbutt misses the orc sorcerer.
The orc sorcerer is heavily wounded.
You hit the ice devil.
The ice devil is lightly wounded.
The ice devil barely misses you. You furiously retaliate!
You headbutt the ice devil.
The orc sorcerer gestures at you while chanting.
You resist with some effort.
You barely miss the orc sorcerer. You headbutt the orc sorcerer.
The orc sorcerer is severely wounded.
You barely miss the ice devil.
The ice devil is lightly wounded.
The ice devil hits you.
* * * LOW HITPOINT WARNING * * *
The ice devil freezes you!!
You die...

#..#...........
#...............
#...............#
#...))........$.#
#)...........#
#.))).......##
#.)))).......# #..)))).....#
#o@)))).....##
##.3...$......#
##.....$......##
#############..............#
.......................(...#
...##........#.......(....##
...........................#
##........................##
##...................#....#


You could see an ice devil and an orc sorcerer.

Vanquished Creatures
  The ghost of runewalsh the Frost Mage, a powerful OpIE of Sif Muna (Lair:8)
  Erolcha (D:8)
  Fannar (Lair:3)
  2 yaktaur captains
  3 centaur warriors
  7 hydras
  A queen ant (Lair:8)
  26 death yaks
  3 catoblepae (Lair:8)
  An orc high priest (Orc:4)
  2 tengu warriors
  A fire crab (Lair:7)
  2 unseen horrors
  A wizard (D:15)
  6 hill giants
  A deep elf conjurer (D:14)
  A wolf spider zombie (D:14)
  3 cyclopes
  12 ugly things
  An orc knight (Orc:2)
  3 orc sorcerers (Orc:4)
  3 griffons
  A manticore (Lair:3)
  Maurice (D:11)
  3 black mambas
  Psyche (D:8)
  14 spiny frogs
  2 gargoyles
  2 kobold demonologists (D:14)
  2 tengu conjurers
  A redback zombie (D:13)
  A fire drake (D:11)
  3 yaktaurs
  2 freezing wraiths (D:15)
  A harpy zombie (D:15)
  9 komodo dragons
  A deep elf priest (D:14)
  A fire drake (shapeshifter) (D:14)
  2 queen bees
  8 blink frogs (Lair:8)
  A polar bear (Lair:4)
  6 trolls
  3 two-headed ogres
  3 boulder beetles
  5 wyverns
  4 wraiths
  Sigmund (D:6)
  3 deep elf magi
  2 shadows
  51 yaks
  3 deep elf fighters
  4 basilisks
  4 wolves (Lair:3)
  3 mottled dragons
  3 hungry ghosts
  18 hippogriffs
  2 wargs (Orc:2)
  22 soldier ants
  10 porcupines
  11 water moccasins
  17 orc warriors
  2 black bears
  A necrophage (D:11)
  4 phantoms
  5 ice beasts
  3 sky beasts
  An eye of draining (D:14)
  6 ogres
  26 centaurs
  18 crocodiles
  Blork the orc (D:5)
  23 giant frogs
  3 big kobolds
  A wyvern skeleton (D:6)
  A water moccasin skeleton (D:11)
  72 killer bees
  8 scorpions
  5 wights (D:14)
  7 jellies
  An electric eel (Lair:3)
  A vampire bat (Lair:8)
  2 crimson imps (D:4)
  3 centaur zombies
  5 hounds
  3 giant frog zombies
  Ijyb (D:3)
  28 orc wizards
  25 worker ants
  A giant frog skeleton (D:7)
  20 orc priests
  11 iguanas
  5 centaur skeletons
  18 sheep
  A hound zombie (D:5)
  2 hound skeletons
  7 gnolls
  10 adders
  66 river rats
  3 shadow imps
  An ooze (D:2)
  2 adder skeletons
  An adder zombie (D:9)
  2 worms
  9 giant geckos
  109 orcs
  10 giant cockroaches
  12 hobgoblins
  4 jackals (D:7)
  3 quokkas
  2 ball pythons (D:5)
  12 bats
  A giant gecko skeleton (D:5)
  5 giant newts
  7 goblins
  24 kobolds
  6 rats
  A spectral orc (D:2)
  A butterfly (Lair:5)
  7 fungi
  4 plants (Lair:8)
936 creatures vanquished.

Vanquished Creatures (others)
  2 yaks (D:12)
  A sky beast (D:11)
  32 fungi
  19 plants
54 creatures vanquished.

Grand Total: 990 creatures vanquished

Notes
Turn   | Place    | Note
--------------------------------------------------------------
     0 | D:1      | sorek the Minotaur Fighter began the quest for the Orb.
     0 | D:1      | Reached XP level 1. HP: 19/19 MP: 0/0
     3 | D:1      | Noticed a minotaur skeleton
     3 | D:1      | Noticed a draconian
     6 | D:1      | Noticed a minotaur zombie
     8 | D:1      | Noticed a troll zombie
    10 | D:1      | Noticed a vine stalker skeleton
    12 | D:1      | Noticed a centaur zombie
    13 | D:1      | Noticed an octopode
    14 | D:1      | Noticed a vine stalker skeleton
    16 | D:1      | Noticed a troll zombie
    16 | D:1      | Noticed a vampire
   210 | D:1      | Reached XP level 2. HP: 27/27 MP: 1/1
   289 | D:1      | Reached skill level 4 in Fighting
   643 | D:1      | Reached XP level 3. HP: 33/33 MP: 2/2
  1138 | D:2      | Found a basalt altar of Yredelemnul.
  1310 | D:3      | Reached skill level 1 in Dodging
  1310 | D:3      | Reached XP level 4. HP: 41/41 MP: 3/3
  1522 | D:3      | Noticed Ijyb
  1540 | D:3      | Killed Ijyb
  1540 | D:3      | Reached XP level 5. HP: 44/47 MP: 4/4
  1722 | D:3      | Reached skill level 5 in Armour
  1968 | D:3      | Reached skill level 5 in Fighting
  2193 | D:4      | Noticed a phantom
  2218 | D:4      | Killed a phantom
  2218 | D:4      | Reached skill level 5 in Axes
  2218 | D:4      | Reached XP level 6. HP: 56/56 MP: 5/5
  3004 | D:4      | Reached XP level 7. HP: 61/61 MP: 6/6
  3053 | D:4      | Reached skill level 6 in Axes
  3363 | D:5      | Entered Level 5 of the Dungeon
  3464 | D:5      | Found a shimmering altar of Xom.
  3465 | D:5      | Found a deep blue altar of Sif Muna.
  3761 | D:5      | Noticed Blork the orc
  3771 | D:5      | Killed Blork the orc
  4076 | D:5      | Reached skill level 7 in Axes
  4548 | D:6      | Noticed a deep elf mage
  4552 | D:6      | Killed a deep elf mage
  4552 | D:6      | Reached XP level 8. HP: 68/70 MP: 7/7
  4654 | D:6      | Found a staircase to the Ecumenical Temple.
  4788 | D:6      | Noticed Sigmund
  4793 | D:6      | Killed Sigmund
  4793 | D:6      | Reached skill level 8 in Axes
  5344 | Temple   | Entered the Ecumenical Temple
  5380 | Temple   | Became a worshipper of Warmaster Okawaru
  5549 | D:7      | Reached skill level 9 in Axes
  5565 | D:7      | Found Qoub's Magic Scroll Boutique.
  5748 | D:7      | Bought a scroll of teleportation for 45 gold pieces
  5818 | D:7      | Reached XP level 9. HP: 37/79 MP: 8/8
  6048 | D:7      | Acquired Okawaru's first power
  6048 | D:7      | Reached skill level 10 in Axes
  6917 | D:8      | Noticed Psyche
  6973 | D:8      | Reached skill level 11 in Axes
  7523 | D:8      | Reached XP level 10. HP: 45/90 MP: 9/9
  7726 | D:8      | Found a white marble altar of Elyvilon.
  7818 | D:8      | Killed Psyche
  7818 | D:8      | Reached skill level 12 in Axes
  7852 | D:8      | Noticed Erolcha
  7867 | D:8      | Killed Erolcha
  7867 | D:8      | Reached skill level 10 in Armour
  8646 | D:9      | Reached skill level 13 in Axes
  8691 | D:9      | Found a staircase to the Orcish Mines.
  8766 | D:9      | Reached skill level 10 in Fighting
  9297 | D:10     | Entered Level 10 of the Dungeon
  9335 | D:10     | Found a flagged portal.
  9489 | D:10     | Noticed a hill giant
  9500 | D:10     | Killed a hill giant
  9500 | D:10     | Acquired Okawaru's second power
  9500 | D:10     | Reached XP level 11. HP: 52/100 MP: 10/10
  9972 | D:10     | Reached skill level 14 in Axes
 10050 | D:10     | Noticed a hill giant
 10058 | D:10     | Killed a hill giant
 10278 | D:10     | Received a gift from Okawaru
 10297 | D:10     | Found a portal to a secret trove of treasure.
 10596 | D:11     | Noticed Maurice
 10597 | D:11     | Paralysed by something for 4 turns
 10615 | D:11     | Paralysed by something for 5 turns
 10633 | D:11     | Found a staircase to the Lair.
 10654 | D:11     | Killed Maurice
 10663 | D:11     | Gained mutation: You are dopey. (Int -2) [potion of mutation]
 10663 | D:11     | Gained mutation: Your spells are a little easier to cast, but a little less powerful. [potion of mutation]
 10663 | D:11     | Gained mutation: You can breathe flames. [potion of mutation]
 10669 | D:11     | Gained mutation: You possess an exceptional clarity of mind. [potion of beneficial mutation]
 11255 | D:11     | Reached skill level 15 in Axes
 11554 | D:11     | Noticed a hill giant
 11562 | D:11     | Killed a hill giant
 11886 | D:11     | Noticed a hill giant
 11919 | D:11     | Killed a hill giant
 12230 | D:12     | Reached XP level 12. HP: 107/110 MP: 11/11
 12241 | D:12     | Noticed a tengu warrior
 12261 | D:12     | Killed a tengu warrior
 12663 | D:12     | Noticed an obsidian statue
 12747 | D:12     | Noticed a hill giant
 12755 | D:12     | Killed a hill giant
 12756 | D:12     | Reached skill level 16 in Axes
 13482 | D:12     | Found a shattered altar of Ashenzari.
 13487 | D:12     | Found Voifus's Armour Shoppe.
 13517 | D:12     | Received a gift from Okawaru
 13951 | D:13     | Noticed a yaktaur captain
 14306 | D:13     | Killed a yaktaur captain
 14652 | D:13     | Reached skill level 17 in Axes
 14865 | D:13     | Found a gate to the Vaults.
 15363 | D:14     | Reached XP level 13. HP: 102/119 MP: 12/12
 15365 | D:14     | Noticed runewalsh's ghost (powerful OpIE)
 15365 | D:14     | Received a gift from Okawaru
 16046 | D:14     | Found Waonteh's Gadget Boutique.
 16331 | D:14     | Reached skill level 18 in Axes
 16517 | D:15     | Entered Level 15 of the Dungeon
 16937 | D:15     | Found Iliram's Blood Bar.
 17085 | D:15     | Paralysed by something for 6 turns
 17244 | D:15     | Received a gift from Okawaru
 17368 | D:15     | Found a staircase to the Depths.
 17403 | D:15     | Received a gift from Okawaru
 18408 | D:14     | Upgraded the game from 0.17-a0-1632-g0af21bd to 0.17-a0-1646-geb1493d
 18586 | Lair:1   | Entered Level 1 of the Lair of Beasts
 18811 | Lair:1   | Reached skill level 19 in Axes
 18918 | Lair:1   | Reached XP level 14. HP: 88/132 MP: 13/13
 21134 | Lair:3   | Noticed Fannar
 21159 | Lair:3   | Killed Fannar
 21514 | Lair:3   | Received a gift from Okawaru
 21514 | Lair:3   | Reached skill level 15 in Armour
 21864 | Lair:3   | Found a staircase to the Shoals.
 22959 | Lair:4   | Found a staircase to the Snake Pit.
 23115 | Lair:4   | Identified a scroll of acquirement
 23122 | Lair:4   | Lost mutation: You possess an exceptional clarity of mind. [potion of cure mutation]
 23122 | Lair:4   | Lost mutation: You are dopey. (Int -2) [potion of cure mutation]
 23122 | Lair:4   | Lost mutation: Your spells are a little easier to cast, but a little less powerful. [potion of cure mutation]
 23990 | Lair:5   | Received a gift from Okawaru
 23990 | Lair:5   | Reached skill level 20 in Axes
 25351 | Lair:6   | Reached skill level 15 in Fighting
 26654 | Lair:7   | Found a viscous altar of Jiyva.
 26654 | Lair:7   | Found a staircase to the Slime Pits.
 26914 | Lair:8   | Entered Level 8 of the Lair of Beasts
 26931 | Lair:8   | Received a gift from Okawaru
 27296 | Lair:8   | Reached XP level 15. HP: 44/141 MP: 14/14
 27984 | Lair:8   | Received a gift from Okawaru
 28262 | Lair:8   | Got a wavering bone ring
 28314 | Lair:8   | Reached skill level 21 in Axes
 28327 | Lair:8   | Identified the ring of Music {*Corrode MR+++ MP+9 Int+5 SInv} (You found it on level 8 of the Lair of Beasts)
 28835 | Lair:8   | HP: 6/143 [death yak (3)]
 29974 | Lair:8   | Received a gift from Okawaru
 30358 | Lair:8   | Noticed runewalsh's ghost (powerful OpIE)
 30371 | Lair:8   | Killed runewalsh's ghost
 30951 | Orc:1    | Entered Level 1 of the Orcish Mines
 31076 | Orc:2    | Found a roughly hewn altar of Beogh.
 31278 | Orc:4    | Entered Level 4 of the Orcish Mines
 31369 | Orc:4    | Found a staircase to the Elven Halls.
 31575 | Orc:4    | HP: 6/144 [orc sorcerer/bolt of fire (5)]
 31577 | Orc:4    | HP: 2/144 [ice devil[an orc sorcerer] (5)]
 31577 | Orc:4    | Annihilated by an ice devil

Vault maps used:
D:1:      shiori_arrival_whats_in_store_for_you, minivault_27
D:2:      yredelemnul_forgotten_temple_becter, first_bread
D:3:      uniq_iyjb
D:4:      bh_walls_and_bars
D:5:      gammafunk_temple_overflow_statue, minmay_misc_feat_pillars,
          uniq_blork_the_orc
D:6:      minmay_temple_entry_glassed_door, uniq_sigmund
D:7:      serial_shops, nicolae_shop_crystal
D:8:      basic_altar, david_nohive_1, uniq_psyche, uniq_erolcha
D:9:      david_orc_3
D:10:     enter_bailey_2, nicolae_trove_entry_columns
D:11:     minmay_lair_entry_lava, uniq_maurice
D:12:     basic_altar, serial_shops, shop, hangedman_decor_points,
          minmay_statue_bubble
D:13:     david_vaults_2
D:14:     serial_shops, nicolae_shop_trees
D:15:     grunt_enter_depths_snipers, corexii_checkpoint_a, nicolae_wwwww,
          guppyfry_shop_blood
Temple:   lightli_temple_of_artemis
Lair:1:   beast_lair_carwin_11, serial_bayou_shore_b, serial_bayou_shore_b
Lair:3:   minmay_shoals_entry_beasts, infiniplex_staircase_pool, uniq_fannar
Lair:4:   dummy_snake_entry, serial_bayou_shore_b, serial_bayou_shore_b
Lair:5:   grunt_megastairs_2, lemuel_fruit_fields, serial_bayou_shore_b
Lair:6:   lemuel_fruit_fields
Lair:7:   slime_altar_1, beast_lair_carwin_9, infiniplex_staircase_pool_2
Lair:8:   evilmike_catoblepas_cave, roderic_batcave, minivault_29
Orc:2:    serial_shops, shop, basic_altar
Orc:3:    portal_ice_cave_entry_pillars_02, nicolae_orc_pool_cavern
Orc:4:    st_orc_mages, uniq_josephine, uniq_sonja, uniq_nessos

Action                   |  1- 3 |  4- 6 |  7- 9 | 10-12 | 13-15 || total
-------------------------+-------+-------+-------+-------+-------++-------
Melee: War axe           |    77 |   150 |    55 |       |       ||   282
       Battleaxe         |       |       |   223 |   609 |  1096 ||  1928
       Executioner's axe |       |       |       |       |   263 ||   263
Invok: Heroism           |       |       |       |     3 |     2 ||     5
 Abil: Breathe Fire      |       |       |       |     2 |       ||     2
Evoke: Wand              |       |       |       |     2 |     1 ||     3
  Use: Scroll            |       |     2 |       |    13 |     6 ||    21
       Potion            |       |       |     4 |    14 |     7 ||    25
 Stab: Confused          |       |       |       |     1 |       ||     1
  Eat: Chunk             |     1 |     2 |     2 |    27 |    43 ||    75
       Bread ration      |     1 |       |     3 |     3 |     5 ||    12
       Pizza             |       |       |       |     2 |       ||     2
